 Dungeon Crawl Stone Soup version 0.27-a0-1026-gbab068f60c (webtiles) character file.

Game seed: 10684216230517504569

497 Jannitor the Skirmisher (level 7, -4/76 HPs)
             Began as a Djinni Warper on Apr 18, 2021.
             Slain by an orc
             ... wielding a +0 trident
              (7 damage)
             ... on level 4 of the Dungeon.
             The game lasted 00:04:48 (4852 turns).

Jannitor the Skirmisher (Djinni Warper)             Turns: 4852, Time: 00:04:49

Health: -4/76      AC:  3    Str: 10    XL:     7   Next: 15%
Gold:   186        EV: 11    Int: 22    God:
                   SH:  0    Dex: 13

rFire    + + .     SeeInvis +   h - +7 long sword of Patience {freeze, Drain rPois Will+ SInv}
rCold    x . .     Faith    .   (no shield)
rNeg     . . .     Spirit   .   b - +0 leather armour
rPois    ∞         Reflect  .   (no helmet)
rElec    .         Harm     .   (no cloak)
rCorr    .         Rampage  .   (no gloves)
Will     +....                  (boots unavailable)
Stlth    ..........             (no amulet)
HPRegen  0.22/turn              n - +6 ring of intelligence
MPRegen  0.00/turn              (no ring)

@: berserking, flying, very quick
A: fire resistance 2, cold vulnerability 1, float, innate caster, hp casting,
extra vitality 1
a: no special abilities


You were on level 4 of the Dungeon.
You visited 1 branch of the dungeon, and saw 4 of its levels.

You collected 186 gold pieces.

Inventory:

Hand Weapons
 a - a +0 short sword
 h - the +7 long sword of Patience (weapon) {freeze, Drain rPois Will+ SInv}
   (You took it off an orc on level 4 of the Dungeon)

   It has been specially enchanted to freeze those struck by it, causing extra
   injury to most foes and up to half again as much damage against particularly
   susceptible opponents.
   It can also slow down cold-blooded creatures.
   It protects you from poison.
   It lets you see invisible.
   It drains your maximum health when unequipped.
   It increases your willpower.
 k - a +0 rapier
Missiles
 c - 9 boomerangs
 e - 5 boomerangs of dispersal (quivered)
Armour
 b - a +0 leather armour (worn)
Jewellery
 n - a +6 ring of intelligence (left hand)
Wands
 m - a wand of flame (19)
Scrolls
 d - a scroll of blinking
 o - a scroll of vulnerability {unknown}
 q - 2 scrolls of teleportation {unknown}
Potions
 f - a potion of flight {unknown}
 i - a potion of heal wounds {unknown}
 j - a potion of mutation {unknown}
 l - a potion of curing {unknown}
 p - a potion of degeneration {unknown}


   Skills:
 + Level 3.9 Fighting
 - Level 3.8(4.0) Short Blades
 + Level 1.5(2.9) Long Blades
 - Level 0.7 Throwing
 - Level 1.0 Armour
 - Level 2.1 Dodging
 + Level 2.7 Stealth
 + Level 3.8 Spellcasting


You couldn't memorise any spells.
You knew the following spells:

 Your Spells              Type           Power      Damage    Failure   Level
a - Blink                 Tloc           N/A        N/A       4%          2
b - Lesser Beckoning      Tloc           10%        N/A       10%         3
c - Gell's Gravitas       Tloc           10%        N/A       10%         3
d - Teleport Other        Tloc           21%        N/A       10%         3
e - Manifold Assault      Tloc           21%        N/A       65%         5
f - Magic Dart            Conj           84%        1d7       3%          1
g - Poisonous Vapours     Pois/Air       42%        N/A       4%          2
h - Mephitic Cloud        Conj/Pois/Air  21%        N/A       10%         3
Your spell library was empty.

Dungeon Overview and Level Annotations

Branches:
Dungeon (4/15)
 Temple: D:4-7

Altars:

Shops:
D:1 [


Innate Abilities, Weirdness & Mutations

You are immune to poison.
Your flesh is very heat resistant. (rF++)
You are vulnerable to cold. (rC-)
You float through the air rather than walking.
You learn spells naturally, not from books.
Your magical power is your life essence.
You have superior vitality. (+4 HP)


Message History

The orc hits you from afar with a +0 trident!
The orc hits you with a +0 whip.
You hit the orc. You freeze the orc.
You kill the orc!
The orc closely misses you. The orc barely misses you.
You closely miss the orc.
The orc hits you with a +0 dagger of venom.
The orc hits you with a +0 club.
The orc hits you from afar with a +0 trident.
The orc priest looks satisfied for a moment.
You completely miss the orc. The orc barely misses you.
The orc closely misses you.
The orc hits you from afar with a +0 trident.
The orc hits you with a +0 dagger of venom.
* * * LOW HITPOINT WARNING * * *
The orc hits you with a +0 club.
* * * LOW HITPOINT WARNING * * *
The orc priest miscasts a cantrip.
A red film seems to cover your vision as you go berserk!
You feel yourself moving faster!
You feel mighty!
The orc priest looks braver for a moment.
You hit the orc. You freeze the orc.
The orc is heavily wounded.
The orc barely misses you.
The orc priest miscasts a cantrip.
You slice the orc!! You freeze the orc.
You kill the orc!
The orc hits you from afar with a +0 trident.
* * * LOW HITPOINT WARNING * * *
You slice the orc!! You freeze the orc.
You kill the orc!
The orc hits you from afar with a +0 trident.
* * * LOW HITPOINT WARNING * * *
The orc priest hits you with a +0 club.
* * * LOW HITPOINT WARNING * * *
Items here: )))) [[ ††.
You slash the orc priest! You freeze the orc priest.
You kill the orc priest!
The orc hits you with a +0 trident!
You die...

#........>.......##.#
#####......#####.##.#
#####.## #.##.# #.#
#.##.###### #.#
#.#........ #.#
#.#.....>.. #.#
#.#...###.# #.#
.#...).)#. #@#
#.........# #)o.#
#..####'##.
.?........ #.8.##
.###.###### ##...# #.
.# ##... # .# #.. #
'.


You could see an orc.

Vanquished Creatures
  A necrophage (D:4)
  A howler monkey (D:4)
  3 electric eels (D:3)
  2 centaur zombies (D:4)
  An orc priest (D:4)
  A centaur skeleton (D:4)
  An orc wizard (D:4)
  A hound skeleton (D:4)
  3 adders
  An adder skeleton (D:4)
  2 dart slugs (D:3)
  16 orcs
  4 ball pythons
  4 bats
  5 giant cockroaches
  9 goblins
  4 hobgoblins
  4 jackals (D:4)
  7 quokkas
  4 frilled lizards
  3 rats
77 creatures vanquished.

Vanquished Creatures (others)
  2 plants (D:3)
2 creatures vanquished.

Grand Total: 79 creatures vanquished

Notes
Turn   | Place    | Note
-------+----------+-------------------------------------------
     0 | D:1      | Jannitor the Djinni Warper began the quest for the Orb.
     0 | D:1      | Reached XP level 1. HP: 18/18 MP: 0/0
    36 | D:1      | Found a faded altar of an unknown god.
   228 | D:1      | Reached XP level 2. HP: 21/23 MP: 0/0
   575 | D:1      | Found Xiph's Antique Armour Shoppe.
  1861 | D:2      | Reached XP level 3. HP: 25/29 MP: 0/0
  1861 | D:2      | Learned a level 1 spell: Magic Dart
  2394 | D:3      | Found a transporter.
  2626 | D:3      | Reached skill level 1 in Stealth
  2931 | D:3      | Reached XP level 4. HP: 31/34 MP: 0/0
  3015 | D:3      | Found a transporter.
  3714 | D:3      | Reached XP level 5. HP: 19/40 MP: 0/0
  3714 | D:3      | Learned a level 2 spell: Poisonous Vapours
  4006 | D:4      | Identified the +7 long sword of Patience {freeze, Drain
                  | rPois Will+ SInv}
  4053 | D:4      | Reached XP level 6. HP: 21/46 MP: 0/0
  4422 | D:4      | Found a glowing drain.
  4557 | D:4      | Noticed a necrophage
  4564 | D:4      | Killed a necrophage
  4565 | D:4      | Reached skill level 1 in Long Blades
  4674 | D:4      | Reached XP level 7. HP: 43/51 MP: 0/0
  4674 | D:4      | Learned a level 3 spell: Mephitic Cloud
  4851 | D:4      | HP: 3/76 [orc priest/+0 club (5)]
  4852 | D:4      | Slain by an orc

Illustrated notes

Levels and vault maps discovered:
D:1:      ebering_trefoil_twist, layout_basic,
          hellmonk_ecumenical_altar_arch_garden, serial_shops,
          nicolae_shop_waterfront, roderic_lattice_a
D:2:      layout_basic, kennysheep_cross_bottleneck
D:3:      gammafunk_steamed_eel, layout_loops_ring
D:4:      layout_loops_ring, minmay_temple_entry_poolview, portal_sewer_entry_f,
          grunt_decor_arrowhead

Skill      XL: |  1  2  3  4  5  6 |
---------------+-------------------+-----
Short Blades   | 2 3 |  3.8
Stealth        | 1 2 |  2.7
Spellcasting   | 3 |  3.8
Fighting       | 3 |  3.9
Long Blades    | 1 |  1.5
Throwing       | |  0.7
Armour         | |  1.0
Dodging        | |  2.1

Action                   |  1- 3 |  4- 6 |  7- 9 || total
-------------------------+-------+-------+-------++-------
Melee: Short sword       |   113 |    30 |       ||   143
       Long sword        |       |    37 |    20 ||    57
 Cast: Magic Dart        |       |     9 |       ||     9
       Blink             |       |     1 |       ||     1
Evoke: Wand              |       |     7 |       ||     7
  Use: Scroll            |       |     3 |       ||     3
       Potion            |       |     1 |     1 ||     2
 Stab: Sleeping          |     4 |     2 |     1 ||     7
Armor: Leather armour    |    28 |    16 |     2 ||    46
Dodge: Dodged            |    67 |    42 |    18 ||   127
       Rpst.: Long sword |       |    12 |     5 ||    17

Table legend: (Time is in decaauts)
 A = Elapsed time spent in this place.
 B = Non-inter-level travel time spent in this place.
 C = Inter-level travel time spent in this place.
 D = Time resting spent in this place.
 E = Time spent auto-exploring this place.
 F = Levels seen in this place.
 G = Mean time per level.
                   A        B        C        D        E       F      G
               +--------+--------+--------+--------+--------+-----+--------+
         Total |   4861 |   4701 |    160 |   1153 |   2946 |   4 | 1215.2 |
       Dungeon |   4861 |   4701 |    160 |   1153 |   2946 |   4 | 1215.2 |
               +--------+--------+--------+--------+--------+-----+--------+

Top non-repeatable levels by time:
     D:3: 1678 daAuts
     D:2: 1190 daAuts
     D:1: 1130 daAuts
     D:4: 861 daAuts
